[Event "Titled Tuesday Blitz July 25 Early 2023"]
[White "Fernandez Bustamante, Leancy B."]
[Black "Rios Escobar, Adan"]
[WhiteFideId "3523870"]
[BlackFideId "3403645"]
[WhiteElo "2276"]
[BlackElo "2408"]
[Result "1-0"]
[Round "7"]
[TimeControl "180+2"]
[Date "2023.07.25"]
[WhiteClock "0:00:20"]
[BlackClock "0:00:01"]
[Board "175"]

1. e4 c5 2. Nf3 d6 3. c3 Nf6 4. h3 Nc6 5. Bd3 d5 6. e5 Nd7 7. Bb5 e6 8. O-O Qa5 9. Na3 c4 10. Bxc6 bxc6 11. Nc2 c5 12. Re1 Be7 13. b3 cxb3 14. axb3 Qb6 15. b4 O-O 16. Ba3 a5 17. bxc5 Bxc5 18. Bxc5 Nxc5 19. d3 Ba6 20. Re3 Rfb8 21. Ng5 h6 22. Nf3 Qb2 23. d4 Ne4 24. Ra3 Bc4 25. Nd2 Nxd2 26. Qxd2 Bb3 27. Rxb3 Rxb3 28. Rg3 Kh7 29. Qd3+ g6 30. Kh2 Rc8 31. Qf3 Rc7 32. Ne3 Rbxc3 33. h4 Qb1 34. h5 Rc1 35. hxg6+ fxg6 36. Rh3 Rh1+ 37. Kg3 Rxh3+ 38. gxh3 Qe4 39. Qf6 Qxd4 40. Ng4 Qd3+ 41. f3 Qf5 42. Qd8 Rf7 43. Nf6+ Rxf6 44. exf6 g5 45. Qe7+ Kg6 46. Qg7+ Kh5 47. f7 Qf4+ 48. Kg2 Qd2+ 49. Kg3 Qf4+ 50. Kf2 Qd2+ 51. Kg3 Qe1+ 52. Kg2 Qe2+ 53. Kg1 Kh4 54. Qd4+ Kg3 55. Qg4# 1-0


[Site "https://www.chess.com"]

[Event "Titled Tuesday Blitz July 25 Early 2023"]
[White "Al Mukhaini, Shima"]
[Black "rikchessmx"]
[WhiteFideId "22005854"]
[WhiteElo "2406"]
[BlackElo "2269"]
[Result "1-0"]
[Round "7"]
[TimeControl "180+2"]
[Date "2023.07.25"]
[WhiteClock "0:01:29"]
[BlackClock "0:00:00"]
[Board "176"]

1. b3 a5 2. Bb2 a4 3. e3 e6 4. a3 axb3 5. cxb3 Nf6 6. f4 b6 7. Nf3 Bb7 8. Bd3 Be7 9. O-O c5 10. Qe1 Nc6 11. Qg3 g6 12. Nc3 Ba6 13. Bxa6 Rxa6 14. Ne5 Qc7 15. Nb5 Qb8 16. Ng4 Nh5 17. Qf3 Rf8 18. Ne5 Nxe5 19. fxe5 f5 20. g4 Ng7 21. Qh3 h5 22. gxh5 Nxh5 23. Kf2 Rg8 24. Rg1 Kf7 25. Nd6+ Bxd6 26. exd6 Qf8 27. Rg5 Qxd6 28. Ke2 e5 29. Rf1 Ke7 30. Qh4 Ke8 31. Rfxf5 Nf6 32. Bxe5 1-0


[Site "https://www.chess.com"]

[Event "Titled Tuesday Blitz July 25 Early 2023"]
[White "Chemin, Justo Reinaldo"]
[Black "Willy, Stephen"]
[WhiteFideId "2101580"]
[BlackFideId "30981468"]
[WhiteElo "2268"]
[BlackElo "2399"]
[Result "0-1"]
[Round "7"]
[TimeControl "180+2"]
[Date "2023.07.25"]
[WhiteClock "0:00:00"]
[BlackClock "0:00:56"]
[Board "177"]

1. d4 d6 2. e4 g6 3. Bc4 Bg7 4. Nf3 c6 5. Bb3 a5 6. a4 Nf6 7. Nc3 O-O 8. e5 dxe5 9. dxe5 Qxd1+ 10. Nxd1 Nfd7 11. Bf4 Nc5 12. Ne3 Nxb3 13. cxb3 Na6 14. Nc4 Nc5 15. O-O-O Bf5 16. Nd4 Nd3+ 17. Rxd3 Bxd3 18. Nb6 Rad8 19. Nc2 g5 20. Bxg5 Bxe5 21. Bxe7 Bf4+ 22. Kb1 Bxc2+ 23. Kxc2 Rd2+ 24. Kc3 Re8 25. Bc5 Ree2 26. Rb1 Be5+ 27. Kc4 Re4+ 0-1


[Site "https://www.chess.com"]

[Event "Titled Tuesday Blitz July 25 Early 2023"]
[White "Samaganova, Aleksandra"]
[Black "Hoffmann, Asa"]
[WhiteFideId "13800221"]
[BlackFideId "2001470"]
[WhiteElo "2266"]
[BlackElo "2398"]
[Result "0-1"]
[Round "7"]
[TimeControl "180+2"]
[Date "2023.07.25"]
[WhiteClock "0:00:06"]
[BlackClock "0:00:42"]
[Board "178"]

1. d4 Nf6 2. c4 c5 3. Nf3 cxd4 4. Nxd4 e5 5. Nc2 Nc6 6. Nc3 Bc5 7. e3 d6 8. Be2 Be6 9. Nd5 O-O 10. O-O Bxd5 11. cxd5 Ne7 12. Bc4 Rc8 13. Bb3 a6 14. a3 Qb6 15. Ba2 a5 16. Rb1 a4 17. b3 axb3 18. Bxb3 Qa7 19. Bb2 Rc7 20. Qd2 Rfc8 21. Rfc1 b6 22. Kh1 Qa8 23. f3 Nexd5 24. Rd1 Ne7 25. e4 Ng6 26. Nb4 Qa5 27. Rbc1 Nf4 28. g3 Nh3 29. Kg2 Nf2 30. Rf1 h5 31. Rxf2 Bxf2 32. Kxf2 Rxc1 33. Bxc1 Qc5+ 34. Ke2 Qxc1 35. Qxc1 Rxc1 36. Nd3 Ra1 37. Bc4 Rxa3 38. Bb5 Ra2+ 39. Ke3 Rxh2 40. Bc6 Rg2 41. g4 h4 42. g5 0-1


[Site "https://www.chess.com"]

[Event "Titled Tuesday Blitz July 25 Early 2023"]
[White "Vemparala, Nikash"]
[Black "Rian, Kapriaga"]
[WhiteFideId "30960967"]
[BlackFideId "7103263"]
[WhiteElo "2259"]
[BlackElo "2393"]
[Result "1-0"]
[Round "7"]
[TimeControl "180+2"]
[Date "2023.07.25"]
[WhiteClock "0:00:08"]
[BlackClock "0:00:00"]
[Board "179"]

1. e4 c6 2. Nf3 d5 3. Nc3 Bg4 4. h3 Bxf3 5. Qxf3 Nf6 6. exd5 cxd5 7. d4 Nc6 8. Bb5 e6 9. O-O Be7 10. Bf4 O-O 11. Bxc6 bxc6 12. Ne2 c5 13. c3 Qb6 14. b3 a5 15. Be5 Rfc8 16. dxc5 Qxc5 17. Bd4 Qc7 18. Ng3 a4 19. Rae1 axb3 20. axb3 Ra3 21. Nh5 Nxh5 22. Qxh5 Rxb3 23. Qg4 Bf8 24. Re3 g6 25. Be5 Qc4 26. Qg5 Bg7 27. Bxg7 Kxg7 28. Rf3 Qc7 29. Qf6+ Kg8 30. h4 Rxc3 31. Rf4 Rc1 32. Rxc1 Qxc1+ 33. Kh2 Qc7 34. h5 gxh5 35. g3 Kf8 36. Qxe6 Re8 37. Qxd5 Qe7 38. Qxh5 Kg8 39. Rg4+ Kh8 40. Qh6 f6 41. Rh4 Rf8 42. Rf4 Qg7 43. Qxg7+ Kxg7 44. Kg2 Re8 45. Kf3 Re5 46. Ra4 Kg6 47. g4 Rg5 48. Ra7 Rb5 49. Ra8 Rb4 50. Rg8+ Kf7 51. Ra8 Kg7 52. Kg3 Kg6 53. f3 h5 54. Rg8+ Kf7 55. Rh8 hxg4 56. fxg4 Kg7 57. Ra8 Kh6 58. Ra6 Kg7 59. Ra5 Kg6 60. Rc5 Ra4 61. Rb5 Rc4 62. Kh4 Ra4 63. Rc5 Rb4 64. Ra5 Rd4 65. Ra8 Rb4 66. Ra6 Kf7 67. Kh5 Rb5+ 68. Kh6 Rg5 69. Ra7+ Ke6 70. Rg7 1-0


[Site "https://www.chess.com"]

[Event "Titled Tuesday Blitz July 25 Early 2023"]
[White "Ramirez Vido, Robert Yorisan"]
[Black "Kiseleva, Arina"]
[WhiteFideId "3513823"]
[BlackFideId "4164989"]
[WhiteElo "2391"]
[BlackElo "2217"]
[Result "0-1"]
[Round "7"]
[TimeControl "180+2"]
[Date "2023.07.25"]
[WhiteClock "0:00:00"]
[BlackClock "0:00:01"]
[Board "180"]

1. e4 c6 2. d3 d5 3. Nd2 e5 4. Ngf3 Bd6 5. g3 Ne7 6. Bg2 O-O 7. O-O f5 8. Re1 Qc7 9. exd5 cxd5 10. c4 e4 11. Nd4 Nbc6 12. Nb5 Qd8 13. cxd5 Nxd5 14. dxe4 Ndb4 15. e5 Bc5 16. Nb3 Bb6 17. Qxd8 Rxd8 18. Bg5 Nc2 19. Bxd8 Bxd8 20. f4 Nxa1 21. Rxa1 Bb6+ 22. Kf1 Be6 23. Rc1 Nb4 24. N5d4 Bd7 25. a3 Nd3 26. Rc2 Rc8 27. Bd5+ Kf8 28. e6 Rxc2 29. Nxc2 Bb5 30. Kg2 Ke7 31. Ncd4 Ba6 32. Nxf5+ Kf6 33. e7 Bb5 34. Bc4 Be8 35. Bxd3 g6 36. Ne3 Bxe3 37. Kf3 Bb6 38. Ke4 Kxe7 39. Nd4 Bf7 40. Nf3 Ke6 41. Ng5+ Kf6 42. Nxh7+ Kg7 43. Ng5 Be8 44. Bc4 Bc6+ 45. Bd5 Ba4 46. Nf3 Bc2+ 47. Ke5 Bc7+ 48. Ke6 Bd1 49. Kd7 Ba5 50. Ne5 Kf6 51. Be4 g5 52. Nd3 Bc2 53. fxg5+ Kxg5 54. Nc5 Bd1 55. Nxb7 Bd2 56. Nc5 Bc1 57. b4 Bxa3 58. Nd3 Bc2 59. Nf2 Bxe4 60. Nxe4+ Kg4 61. b5 Bb4 0-1


[Site "https://www.chess.com"]

[Event "Titled Tuesday Blitz July 25 Early 2023"]
[White "Qiao, Cindy"]
[Black "Tqebuchava, Zurab"]
[WhiteFideId "2620243"]
[BlackFideId "13601113"]
[WhiteElo "2375"]
[BlackElo "2217"]
[Result "1-0"]
[Round "7"]
[TimeControl "180+2"]
[Date "2023.07.25"]
[WhiteClock "0:00:15"]
[BlackClock "0:00:00"]
[Board "181"]

1. d4 d6 2. Bf4 g6 3. Nc3 Bg7 4. e4 c6 5. Qd2 Nd7 6. Nf3 b5 7. e5 b4 8. Ne4 d5 9. Neg5 e6 10. Nxf7 Kxf7 11. Ng5+ Ke7 12. Qxb4+ c5 13. dxc5 Rb8 14. Qa3 Bxe5 15. c6+ Kf6 16. cxd7 Bxf4 17. dxc8=Q Qxc8 18. Nf3 Qxc2 19. Bd3 Qxb2 20. Qxb2+ Rxb2 21. O-O Ne7 22. a4 e5 23. Bb5 Nf5 24. Rfd1 Rd8 25. Ne1 e4 26. g3 Be5 27. Rab1 Rxb1 28. Rxb1 d4 29. Kf1 d3 30. Rd1 Nd4 31. Bxd3 exd3 32. Rxd3 Ne6 33. Rf3+ Ke7 34. Re3 Rd1 35. Rxe5 Ra1 36. Re4 a5 37. Kg2 Kf6 38. Nd3 Ng5 39. Rf4+ Kg7 40. Nc5 Nf7 41. Ne6+ Kg8 42. Nc5 Rc1 43. Nb7 Nd6 44. Nxd6 Rd1 45. Nb7 Ra1 46. Nxa5 1-0


[Site "https://www.chess.com"]

[Event "Titled Tuesday Blitz July 25 Early 2023"]
[White "djjohnnywoo"]
[Black "Melikhov, Evgeny V."]
[BlackFideId "4122046"]
[WhiteElo "2148"]
[BlackElo "2373"]
[Result "0-1"]
[Round "7"]
[TimeControl "180+2"]
[Date "2023.07.25"]
[WhiteClock "0:00:00"]
[BlackClock "0:00:12"]
[Board "182"]

1. g3 f5 2. Bg2 Nf6 3. d3 d6 4. e4 Nc6 5. Nc3 e5 6. Nf3 Be7 7. Bg5 O-O 8. Qd2 h6 9. Bxf6 Bxf6 10. O-O-O Be6 11. h4 b5 12. Nd5 Bxd5 13. exd5 Ne7 14. Ng5 Qd7 15. Ne6 Rfb8 16. Qa5 Rb6 17. Kb1 a6 18. d4 e4 19. Nf4 Rab8 20. h5 b4 21. Bh3 Rb5 22. Qxa6 R5b6 23. Qa5 Qc8 24. Ne6 Ra8 25. Qxa8 Qxa8 26. Nxc7 Qb7 27. Ne8 Qxd5 28. Nxf6+ gxf6 29. g4 f4 30. g5 fxg5 31. Bd7 Rb7 32. Ba4 Kg7 33. Bb3 Qf5 34. Rde1 d5 35. f3 e3 36. Re2 Nc8 37. Rd1 Nd6 38. Kc1 Nc4 39. Bxc4 dxc4 40. d5 b3 41. cxb3 cxb3 42. axb3 Rc7+ 0-1


[Site "https://www.chess.com"]

[Event "Titled Tuesday Blitz July 25 Early 2023"]
[White "ivana_999"]
[Black "Topalov, Aleksandar"]
[BlackFideId "925659"]
[WhiteElo "2064"]
[BlackElo "2371"]
[Result "1/2-1/2"]
[Round "7"]
[TimeControl "180+2"]
[Date "2023.07.25"]
[WhiteClock "0:00:29"]
[BlackClock "0:00:15"]
[Board "183"]

1. d4 f5 2. e4 fxe4 3. Nc3 Nf6 4. Bg5 g6 5. Bxf6 exf6 6. Nxe4 d5 7. Nc3 Bg7 8. Qf3 c6 9. Qe3+ Qe7 10. Qxe7+ Kxe7 11. O-O-O Bf5 12. f3 h5 13. Bd3 Bxd3 14. Rxd3 Nd7 15. Nh3 Kf7 16. Re1 Rae8 17. Rde3 Rxe3 18. Rxe3 Bh6 19. f4 Nb6 20. b3 Nc8 21. Kd1 Nd6 22. g3 Nf5 23. Rd3 Re8 24. Kd2 Bf8 25. Ne2 Bd6 26. Nf2 Bc7 27. Nd1 Ba5+ 28. c3 Nd6 29. Nf2 f5 30. Re3 Ne4+ 31. Nxe4 dxe4 32. b4 Bc7 33. h4 b5 34. Nc1 a5 35. a3 Ke6 36. Nb3 Kd5 37. Kc2 axb4 38. axb4 Ra8 39. Kb2 Bb6 40. Nd2 Ra4 41. Nb3 Ra7 42. Nd2 Ra6 43. Nb3 Ra4 44. Re2 Ra6 45. Re3 Ra7 46. Re2 Ra6 47. Re1 Ra7 48. Re3 Ra6 49. Re2 Ra7 50. Re3 Ra6 51. Re2 Ra7 52. Re3 1/2-1/2


[Site "https://www.chess.com"]

[Event "Titled Tuesday Blitz July 25 Early 2023"]
[White "Womacka, Mathias"]
[Black "EdmundPlayer"]
[WhiteFideId "4611390"]
[WhiteElo "2494"]
[BlackElo "2300"]
[Result "1-0"]
[Round "7"]
[TimeControl "180+2"]
[Date "2023.07.25"]
[WhiteClock "0:01:50"]
[BlackClock "0:00:03"]
[Board "184"]

1. e4 e5 2. Nf3 Nc6 3. Bb5 a6 4. Bxc6 dxc6 5. O-O Bg4 6. h3 h5 7. d3 Qf6 8. Nbd2 Ne7 9. Re1 Be6 10. Nc4 Bxc4 11. dxc4 Rd8 12. Qe2 Ng6 13. Bg5 Nf4 14. Qe3 Qg6 15. Bxf4 exf4 16. Qxf4 Bd6 17. e5 Bc5 18. e6 f6 19. Qxc7 Bd6 20. Qxb7 Qxc2 21. Qf7# 1-0


[Site "https://www.chess.com"]

[Event "Titled Tuesday Blitz July 25 Early 2023"]
[White "Tikhonov, Viacheslav"]
[Black "UgarteCesar"]
[WhiteFideId "44196407"]
[WhiteElo "2470"]
[BlackElo "2290"]
[Result "1-0"]
[Round "7"]
[TimeControl "180+2"]
[Date "2023.07.25"]
[WhiteClock "0:00:40"]
[BlackClock "0:01:21"]
[Board "185"]

1. e4 c5 2. Nf3 Nc6 3. d4 cxd4 4. Nxd4 Qb6 5. Nb3 Nf6 6. Nc3 e6 7. Be3 Qc7 8. Be2 a6 9. Qd2 b5 10. a3 b4 11. axb4 Bxb4 12. f3 O-O 13. O-O d5 14. exd5 Bxc3 15. Qxc3 Nxd5 16. Qc5 Nxe3 17. Qxe3 a5 18. c3 Ba6 19. Bxa6 Rxa6 20. Nc5 Raa8 21. Qf2 Rfb8 22. Rfd1 Qb6 23. Rd2 g6 24. Rad1 Ne7 25. Rd6 Qxb2 26. Rd8+ Kg7 27. Qxb2 1-0


[Site "https://www.chess.com"]

[Event "Titled Tuesday Blitz July 25 Early 2023"]
[White "Akylbek2021"]
[Black "Atanasov, Radislav"]
[BlackFideId "2901471"]
[WhiteElo "2445"]
[BlackElo "2249"]
[Result "1-0"]
[Round "7"]
[TimeControl "180+2"]
[Date "2023.07.25"]
[WhiteClock "0:00:02"]
[BlackClock "0:00:00"]
[Board "186"]

1. e4 e5 2. Nf3 Nc6 3. Bb5 a6 4. Bxc6 dxc6 5. d4 exd4 6. Qxd4 Qxd4 7. Nxd4 Bd7 8. Nc3 O-O-O 9. Be3 Re8 10. O-O-O Ne7 11. f3 f5 12. exf5 Nxf5 13. Nxf5 Bxf5 14. Bd4 c5 15. Bf2 Bd6 16. Nd5 Re2 17. Rd2 Rxd2 18. Kxd2 Rd8 19. Kc1 c6 20. Ne3 Bg6 21. h4 h5 22. Rd1 Kc7 23. g3 Re8 24. Nc4 Re2 25. Rd2 Rxd2 26. Kxd2 b5 27. Ne3 Be5 28. b3 a5 29. f4 Bd4 30. Nd1 Kd6 31. Be3 Kd5 32. c3 Bxe3+ 33. Kxe3 c4 34. Nb2 1-0


[Site "https://www.chess.com"]

[Event "Titled Tuesday Blitz July 25 Early 2023"]
[White "Khouri, Ahmed Abbas"]
[Black "Herman, Daniel"]
[WhiteFideId "9301518"]
[BlackFideId "30935008"]
[WhiteElo "2234"]
[BlackElo "2416"]
[Result "0-1"]
[Round "7"]
[TimeControl "180+2"]
[Date "2023.07.25"]
[WhiteClock "0:00:00"]
[BlackClock "0:00:18"]
[Board "187"]

1. e4 e5 2. Nf3 Nc6 3. Bb5 a6 4. Ba4 Nf6 5. d3 b5 6. Bb3 Be7 7. c3 d5 8. Qe2 O-O 9. Nbd2 Re8 10. Nf1 Na5 11. Bc2 c5 12. Ng3 c4 13. O-O Bb7 14. Bg5 cxd3 15. Bxd3 dxe4 16. Nxe4 Nxe4 17. Bxe7 Nxc3 18. bxc3 Qxe7 19. Be4 Nc4 20. Rfe1 Rad8 21. a4 g6 22. axb5 axb5 23. Ra7 Rd7 24. h3 Bxe4 25. Rxd7 Qxd7 26. Qxe4 f5 27. Qh4 e4 28. Ng5 Qg7 29. Qg3 h6 30. Nf3 Kh7 31. Nd4 b4 32. Rd1 Nb2 33. Rd2 Nd3 34. Qe3 bxc3 35. Rc2 f4 36. Qe2 Qxd4 37. Qg4 e3 0-1


[Site "https://www.chess.com"]

[Event "Titled Tuesday Blitz July 25 Early 2023"]
[White "FREDERICKtheMATE"]
[Black "Kohler, Aran"]
[BlackFideId "1002856"]
[WhiteElo "2378"]
[BlackElo "2247"]
[Result "0-1"]
[Round "7"]
[TimeControl "180+2"]
[Date "2023.07.25"]
[WhiteClock "0:01:34"]
[BlackClock "0:01:51"]
[Board "188"]

1. Nf3 h6 2. g3 g5 3. Bg2 Bg7 4. O-O d5 5. d4 Nc6 6. b3 g4 7. Ne5 Nxe5 8. dxe5 Bxe5 9. c3 c6 10. Qc2 h5 11. e4 h4 12. exd5 cxd5 13. Rd1 hxg3 14. hxg3 Nf6 15. Bg5 Be6 16. Qe2 Qc7 17. Bxf6 Bxf6 18. Bxd5 Bxd5 19. Rxd5 Qc6 20. Qe4 e6 21. c4 Bxa1 22. Nd2 Kf8 23. Rd3 Qxe4 24. Nxe4 Ke7 25. Nc5 Rad8 26. Rxd8 Rxd8 27. Nxb7 Rd2 28. Nc5 Bd4 29. Ne4 Rxa2 0-1


[Site "https://www.chess.com"]

[Event "Titled Tuesday Blitz July 25 Early 2023"]
[White "SoyuzTM4"]
[Black "Alahakoon, Isuru"]
[BlackFideId "9900993"]
[WhiteElo "2189"]
[BlackElo "2340"]
[Result "0-1"]
[Round "7"]
[TimeControl "180+2"]
[Date "2023.07.25"]
[WhiteClock "0:00:00"]
[BlackClock "0:00:09"]
[Board "189"]

1. e4 d5 2. exd5 Qxd5 3. Nc3 Qa5 4. Bc4 Nf6 5. d4 Bg4 6. Ne2 Nc6 7. Be3 O-O-O 8. O-O e5 9. d5 Nd4 10. f3 Nxe2+ 11. Qxe2 Bf5 12. a3 Bc5 13. b4 Bxe3+ 14. Qxe3 Qb6 15. Qxb6 axb6 16. Rfe1 Rhe8 17. Bb3 e4 18. g4 Bg6 19. g5 Nd7 20. Nxe4 Ne5 21. Kf2 Re7 22. Ng3 Rde8 23. h4 h6 24. gxh6 gxh6 25. h5 Bh7 26. Rad1 Kd7 27. Ne4 Bxe4 28. Rxe4 Kd6 29. Rde1 f6 30. R4e2 b5 31. Re3 Rg8 32. Rg1 Rg5 33. Rxg5 hxg5 34. Re1 Rh7 35. Rh1 Rh6 36. a4 bxa4 37. Bxa4 Kxd5 38. Bb3+ Kd6 39. Ke3 f5 40. Kd4 Nxf3+ 41. Ke3 g4 42. Kf4 b6 43. b5 Kc5 0-1


[Site "https://www.chess.com"]

[Event "Titled Tuesday Blitz July 25 Early 2023"]
[White "Kiseljova, Marya"]
[Black "chessmateto"]
[WhiteFideId "4155009"]
[WhiteElo "2141"]
[BlackElo "2333"]
[Result "1-0"]
[Round "7"]
[TimeControl "180+2"]
[Date "2023.07.25"]
[WhiteClock "0:00:16"]
[BlackClock "0:00:04"]
[Board "190"]

1. d4 d5 2. c4 c6 3. Nf3 Nf6 4. g3 Bf5 5. Nh4 Bg6 6. Nxg6 hxg6 7. Qc2 e6 8. Bg5 Nbd7 9. Nd2 Be7 10. Bg2 Qa5 11. O-O O-O 12. a3 dxc4 13. Nxc4 Qxg5 14. e4 Qb5 15. Rfd1 c5 16. d5 exd5 17. exd5 Nb6 18. Ne3 Bd6 19. a4 Qb4 20. a5 Nbd7 21. Nc4 Be5 22. Ra4 Qb5 23. Bf1 Bd4 24. b3 Nxd5 25. Nb6 Qc6 26. Nxa8 Rxa8 27. a6 b5 28. Raxd4 N7f6 29. Bg2 Rd8 30. R4d2 c4 31. bxc4 bxc4 32. Rd4 Qc5 33. Rxc4 Qb5 34. Rc5 Qxa6 35. Bxd5 Nxd5 36. Rcxd5 Rc8 37. Rd8+ Rxd8 38. Rxd8+ Kh7 39. Qd2 Qa1+ 40. Kg2 Qe5 41. Qd4 Qf5 42. Qh4+ Qh5 43. Qxh5+ gxh5 44. Ra8 1-0


[Site "https://www.chess.com"]

[Event "Titled Tuesday Blitz July 25 Early 2023"]
[White "Graham, Nathaniel"]
[Black "Tsyhanchuk, Stanislav"]
[WhiteFideId "2007983"]
[BlackFideId "13505130"]
[WhiteElo "1987"]
[BlackElo "2312"]
[Result "0-1"]
[Round "7"]
[TimeControl "180+2"]
[Date "2023.07.25"]
[WhiteClock "0:00:05"]
[BlackClock "0:02:13"]
[Board "191"]

1. e4 c5 2. Nf3 d6 3. d4 cxd4 4. Qxd4 Nc6 5. Bb5 e5 6. Qd3 Bd7 7. Nc3 h6 8. O-O Nf6 9. Be3 a6 10. Bc4 b5 11. Bb3 Be7 12. Nd5 Nxd5 13. Qxd5 O-O 14. Rfd1 Rc8 15. c3 Na5 16. Qd2 Bg4 17. Qe2 Qc7 18. h3 Bh5 19. Bd5 Nc4 20. a4 Bxf3 21. Qxf3 bxa4 22. Rxa4 Nxb2 23. Rxa6 Nxd1 24. Qxd1 Qxc3 25. Ra7 Bg5 26. Bxg5 hxg5 27. Qh5 Qc1+ 28. Kh2 Qf4+ 0-1


[Site "https://www.chess.com"]

[Event "Titled Tuesday Blitz July 25 Early 2023"]
[White "Guerra Tulcan, Lenin"]
[Black "Gyulamiryan-koryun"]
[WhiteFideId "3601382"]
[WhiteElo "2575"]
[BlackElo "2057"]
[Result "1-0"]
[Round "7"]
[TimeControl "180+2"]
[Date "2023.07.25"]
[WhiteClock "0:00:13"]
[BlackClock "0:00:00"]
[Board "192"]

1. e4 e5 2. Nf3 Nc6 3. Bb5 a6 4. Ba4 Nf6 5. Qe2 b5 6. Bb3 Bc5 7. O-O O-O 8. c3 Re8 9. Rd1 d5 10. d3 Bg4 11. Bg5 d4 12. Nbd2 h6 13. Bh4 Qd6 14. h3 Bh5 15. g4 Nxg4 16. hxg4 Bxg4 17. Qf1 dxc3 18. bxc3 Qg6 19. Qg2 Qh5 20. Bg3 Rad8 21. Nh2 Bxd1 22. Bxd1 Qg6 23. Be2 b4 24. cxb4 Nd4 25. Bf1 Bxb4 26. Ndf3 f6 27. Nxd4 Rxd4 28. Nf3 Rd6 29. Nh4 Qf7 30. Nf5 Rc6 31. Rb1 Bd2 32. Be2 Kh7 33. a4 Rc1+ 34. Rxc1 Bxc1 35. Qf1 Bg5 36. Qb1 Qd7 37. Qb3 c5 38. Kg2 Qc7 39. f3 Rb8 40. Qe6 Rb2 41. Kf1 g6 42. Qe7+ Qxe7 43. Nxe7 Ra2 44. Bd1 Be3 45. Nd5 Bg5 46. Be1 h5 47. Bb3 Ra1 48. Ke2 h4 49. Bf2 h3 50. Bg3 Bh4 51. Bh2 Rb1 52. Bc2 Rb2 53. Kd2 Be1+ 54. Kc1 Ra2 55. Nxf6+ Kg7 56. Ng4 Ra1+ 57. Bb1 Bc3 58. Kc2 Bd4 59. Kc1 Rxa4 60. Bc2 Ra1+ 61. Bb1 a5 62. Nxe5 1-0


[Site "https://www.chess.com"]

[Event "Titled Tuesday Blitz July 25 Early 2023"]
[White "Hrescak, Ivana"]
[Black "Gulamali, Kazim"]
[WhiteFideId "14613441"]
[BlackFideId "2024764"]
[WhiteElo "2131"]
[BlackElo "2470"]
[Result "0-1"]
[Round "7"]
[TimeControl "180+2"]
[Date "2023.07.25"]
[WhiteClock "0:00:08"]
[BlackClock "0:00:20"]
[Board "193"]

1. e4 c5 2. Nf3 e6 3. c3 Nf6 4. e5 Nd5 5. d4 cxd4 6. cxd4 d6 7. Bc4 Nc6 8. O-O Be7 9. exd6 Qxd6 10. Re1 O-O 11. Nc3 Rd8 12. Bb3 Nxc3 13. bxc3 b6 14. Ng5 h6 15. Ne4 Qc7 16. Qg4 Kh8 17. Bf4 e5 18. Bxe5 Nxe5 19. Qg3 f5 20. Nd2 f4 21. Qxf4 Bg5 22. Qg3 Bxd2 23. Rxe5 Qxc3 24. Rd1 Qxg3 25. hxg3 Bg5 26. d5 Bf6 27. Re3 Bg4 28. f3 Bd7 29. d6 Re8 30. Red3 Rac8 31. Kf2 g5 32. g4 Kg7 33. Bd5 Rc2+ 34. R1d2 Rc5 35. Be4 b5 36. Ra3 Bc3 37. Rd3 Be5 38. Rxa7 Rd8 39. Bf5 Rc2+ 40. Kg1 Rc1+ 41. Kf2 Rc2+ 42. Kf1 Rc1+ 43. Ke2 Kf6 44. Bxd7 Rc2+ 45. Rd2 Rxd2+ 46. Kxd2 Bxd6 47. Ke3 Bc5+ 48. Ke4 Bxa7 0-1


[Site "https://www.chess.com"]

[Event "Titled Tuesday Blitz July 25 Early 2023"]
[White "Lisjak, Zlatko"]
[Black "Orlov, Oleg"]
[WhiteFideId "14502186"]
[BlackFideId "4166612"]
[WhiteElo "2129"]
[BlackElo "2468"]
[Result "0-1"]
[Round "7"]
[TimeControl "180+2"]
[Date "2023.07.25"]
[WhiteClock "0:00:04"]
[BlackClock "0:00:10"]
[Board "194"]

1. e4 e5 2. Nf3 Nc6 3. Bb5 a6 4. Bxc6 dxc6 5. O-O f6 6. d4 Bg4 7. dxe5 Qxd1 8. Rxd1 Bxf3 9. gxf3 fxe5 10. Be3 Ne7 11. Nd2 Ng6 12. Nc4 Be7 13. Kf1 b6 14. a4 Rf8 15. Ke2 a5 16. Rd3 Rd8 17. Rc1 Bf6 18. Rcd1 Rxd3 19. Rxd3 Nh4 20. f4 Ng6 21. f5 Nh8 22. f4 Nf7 23. c3 Ke7 24. b4 axb4 25. cxb4 g6 26. fxg6 hxg6 27. a5 exf4 28. Bxf4 Ng5 29. Ke3 Ne6 30. Bg3 b5 31. Nd2 Bg5+ 32. Ke2 Nf4+ 33. Bxf4 Bxf4 34. a6 Ra8 35. Ra3 Bd6 36. Nf3 Bxb4 37. Ra2 c5 38. Ne5 g5 39. Nc6+ Ke6 40. Nxb4 cxb4 41. Kd3 c5 42. Rb2 Rxa6 43. Rg2 Ra3+ 44. Ke2 Ra2+ 45. Kf3 Rxg2 46. Kxg2 b3 47. Kf3 b2 48. Kg4 b1=Q 49. Kxg5 Qxe4 50. h4 Qf5+ 51. Kh6 Kf7 52. h5 Qf6+ 53. Kh7 Qg7# 0-1


[Site "https://www.chess.com"]

[Event "Titled Tuesday Blitz July 25 Early 2023"]
[White "Larina, Maria"]
[Black "Vifleemskaia, Svetlana"]
[WhiteFideId "24113182"]
[BlackFideId "4129490"]
[WhiteElo "2107"]
[BlackElo "2326"]
[Result "1-0"]
[Round "7"]
[TimeControl "180+2"]
[Date "2023.07.25"]
[WhiteClock "0:00:04"]
[BlackClock "0:00:00"]
[Board "195"]

1. e4 e5 2. Nf3 Nc6 3. Nc3 Nf6 4. Bb5 Bb4 5. O-O O-O 6. d3 Bxc3 7. bxc3 d6 8. Nd2 Ne7 9. d4 c6 10. Bd3 Ng6 11. Re1 Re8 12. a4 a5 13. h3 Bd7 14. Qf3 c5 15. d5 Rb8 16. Nc4 Qe7 17. Nxa5 Ra8 18. Nc4 Rxa4 19. Bg5 b5 20. Nb6 Rxa1 21. Rxa1 c4 22. Ra7 Rd8 23. Bf1 Nf8 24. Qg3 Kh8 25. Qh4 Rb8 26. Bxf6 gxf6 27. Nxd7 Nxd7 28. Qg4 Rd8 29. Qf5 Kg7 30. h4 h6 31. Be2 Qe8 32. Bg4 Nc5 33. Bf3 Rd7 34. Ra1 Rd8 35. g4 Qd7 36. Qh5 Rg8 37. Kh2 Kh7 38. Rg1 Rg6 39. g5 fxg5 40. hxg5 Qe7 41. Rg3 Rxg5 42. Rxg5 Qxg5 43. Qxf7+ Qg7 44. Qf5+ Qg6 45. Qh3 Qg7 46. Bg4 Qf6 47. Bf5+ Kg7 48. Qg4+ Kf7 49. Qh5+ Ke7 50. Qg4 Kf7 51. f3 Na4 52. Qh3 Nxc3 53. Qh5+ Ke7 54. Qg4 Nd1 55. Qg8 Ne3 56. Qc8 1-0


[Site "https://www.chess.com"]

[Event "Titled Tuesday Blitz July 25 Early 2023"]
[White "Nugumanov, Bakhtiyar"]
[Black "Estevez Polanco, Leonardo Rafael"]
[WhiteFideId "13701797"]
[BlackFideId "6402798"]
[WhiteElo "2245"]
[BlackElo "2098"]
[Result "1-0"]
[Round "7"]
[TimeControl "180+2"]
[Date "2023.07.25"]
[WhiteClock "0:00:50"]
[BlackClock "0:01:22"]
[Board "196"]

1. Nf3 Nf6 2. c4 e6 3. g3 Be7 4. Bg2 O-O 5. O-O c5 6. d4 cxd4 7. Nxd4 a6 8. Nc3 Qc7 9. b3 Nc6 10. e4 Nxd4 11. Qxd4 d6 12. Ba3 Rd8 13. Rad1 Rb8 14. Rc1 Bd7 15. f4 Bc6 16. Nd5 exd5 17. cxd5 Qa5 18. dxc6 bxc6 19. Bb2 d5 20. e5 Nd7 21. Kh1 Nf8 22. Rxc6 Qxa2 23. e6 Bf6 24. exf7+ Kxf7 25. Rxf6+ gxf6 26. Qxf6+ Ke8 27. Re1+ Kd7 28. Re7+ Kc8 29. Qc6# 1-0


[Site "https://www.chess.com"]

[Event "Titled Tuesday Blitz July 25 Early 2023"]
[White "Fernandez Hernandez, Gerardo"]
[Black "Wisniowski, Natalie"]
[WhiteFideId "2207400"]
[BlackFideId "30929261"]
[WhiteElo "2229"]
[BlackElo "2097"]
[Result "1-0"]
[Round "7"]
[TimeControl "180+2"]
[Date "2023.07.25"]
[WhiteClock "0:00:35"]
[BlackClock "0:00:46"]
[Board "197"]

1. e4 b6 2. d4 Bb7 3. Bd3 e6 4. Qe2 g6 5. Nf3 Bg7 6. O-O Ne7 7. Bg5 O-O 8. Nbd2 d6 9. Rad1 Nd7 10. c3 c5 11. dxc5 Nxc5 12. Bb1 Qc7 13. Qe3 Nc6 14. Rfe1 Ne5 15. Nxe5 Bxe5 16. Nc4 d5 17. Nxe5 Qxe5 18. f4 Qc7 19. e5 Qc6 20. Rd4 Na6 21. Bf6 Nc7 22. Qh3 Rfc8 23. Re3 Ne8 24. Qxh7+ 1-0


[Site "https://www.chess.com"]